 Dungeon Crawl Stone Soup version 0.21.1-1-g345015f (webtiles) character file.

5109 tidbits the Martial Artist (level 10, -1/76 HPs)
             Began as a Gnoll Transmuter on Feb 19, 2018.
             Was a Priest of Cheibriados.
             Slain by a black mamba (9 damage)
             ... on level 4 of the Lair of Beasts.
             The game lasted 00:25:34 (2525 turns).

tidbits the Martial Artist (Gnoll Transmuter)       Turns: 2525, Time: 00:25:34

Health: -1/76      AC:  9    Str: 20    XL:     10   Next: 57%
Magic:  9/21       EV: 18    Int: 24    God:    Cheibriados [***...]
Gold:   361        SH:  0    Dex: 21    Spells: 4/23 levels left

rFire    . . .     SeeInvis .     - Unarmed
rCold    . . .     Gourm    .   (shield currently unavailable)
rNeg     + . .     Faith    .   B - +0 leather armour (curse)
rPois    .         Spirit   .   (no helmet)
rElec    .         Reflect  .   C - +2 cloak
rCorr    .         Harm     .   (gloves currently unavailable)
MR       .....                  F - +1 pair of boots
Stlth    +++.......             (no amulet)
HPRegen  0.22/turn              W - ring of wizardry
MPRegen  0.17/turn              H - ring of positive energy

@: blade hands, berserk cooldown, flying, slowed, very slow
A: distributed training, fangs 1, strong nose
a: End Transformation, Bend Time, Temporal Distortion, Renounce Religion


You were on level 4 of the Lair of Beasts.
You worshipped Cheibriados.
Cheibriados was most pleased with you.
You were very full.
You had blades for hands.
You visited 3 branches of the dungeon, and saw 17 of its levels.

You collected 361 gold pieces.

Inventory:

Hand Weapons
 e - a +2 halberd of holy wrath
   (You took it off Urug on level 1 of the Lair of Beasts)
 j - a +0 hunting sling
 m - a +0 short sword
 t - a +0 dagger (melded)
 x - a +0 war axe
 L - a +0 flail of holy wrath
   (You took it off an orc on level 6 of the Dungeon)
 M - a +0 hand axe of flaming
   (You found it on level 7 of the Dungeon)
 N - a cursed +0 long sword
 R - a cursed +0 rapier
 U - a +1 rapier of protection
   (You found it on level 3 of the Lair of Beasts)
Missiles
 a - 125 arrows
 f - 5 javelins
 k - 53 stones (quivered)
 l - 53 bolts
 n - a throwing net {!f}
 q - 7 tomahawks
Armour
 b - a +0 shield
 w - a scarf of repulsion
   (You found it on level 6 of the Dungeon)
 B - a cursed +0 leather armour (worn)
 C - a +2 cloak (worn)
 F - a +1 pair of boots (worn)
 P - a +0 scale mail of fire resistance
   (You took it off Urug on level 1 of the Lair of Beasts)
Jewellery
 g - an uncursed amulet of harm
   (You found it on level 1 of the Dungeon)
 s - an uncursed ring of fire
   (You found it on level 3 of the Dungeon)
 y - an uncursed ring of protection from fire
   (You found it on level 4 of the Dungeon)
 H - a ring of positive energy (right scythe-like blade)
   (You found it on level 5 of the Dungeon)
 W - a ring of wizardry (left scythe-like blade)
   (You found it on level 2 of the Dungeon)
Wands
 v - a wand of iceblast (15)
 z - a wand of acid (3)
 T - a wand of polymorph (11)
Scrolls
 i - a scroll of enchant armour
 o - 2 scrolls of fog {unknown}
 r - 6 scrolls of remove curse
 u - 2 scrolls of fear
 D - a scroll of enchant weapon {unknown}
 E - a scroll of immolation {unknown}
 I - a scroll of teleportation
 S - a scroll of blinking
Potions
 h - a potion of resistance
 p - 2 potions of curing
 J - a potion of invisibility
 K - a potion of lignification
 Q - a potion of brilliance
Books
 c - a book of Changes

   Spells                             Type                      Level
   a - Beastly Appendage              Transmutation                1
   b - Sticks to Snakes               Transmutation                2
   c - Spider Form                    Transmutation/Poison         3
   d - Ice Form                       Ice/Transmutation            4
   e - Blade Hands                    Transmutation                5
 O - a book of Callings
   (You found it on level 7 of the Dungeon)

   Spells                             Type                      Level
   a - Summon Small Mammal            Summoning                    1
   b - Call Imp                       Summoning                    2
   c - Call Canine Familiar           Summoning                    3
   d - Summon Guardian Golem          Hexes/Summoning              3
   e - Summon Lightning Spire         Summoning/Air                4
   f - Summon Ice Beast               Ice/Summoning                4
Comestibles
 d - 12 rations


   Skills:
 + Level 6.0 Fighting
 + Level 5.3 Short Blades
 + Level 5.3 Long Blades
 + Level 5.3 Axes
 + Level 5.3 Maces & Flails
 + Level 5.3 Polearms
 + Level 5.3 Staves
 + Level 5.3 Slings
 + Level 5.3 Bows
 + Level 5.3 Crossbows
 + Level 5.3 Throwing
 + Level 5.3 Armour
 + Level 7.1 Dodging
 + Level 5.3 Stealth
 + Level 5.3 Shields
 + Level 8.5 Unarmed Combat
 + Level 7.4 Spellcasting
 + Level 4.4 Conjurations
 + Level 4.4 Hexes
 + Level 4.4 Charms
 + Level 4.4 Summonings
 + Level 4.4 Necromancy
 + Level 4.4 Translocations
 + Level 5.9 Transmutations
 + Level 4.4 Fire Magic
 + Level 4.4 Ice Magic
 + Level 4.4 Air Magic
 + Level 4.4 Earth Magic
 + Level 4.4 Poison Magic
 + Level 5.8 Invocations
 + Level 5.3 Evocations


You had 4 spell levels left.
You knew the following spells:

 Your Spells              Type           Power        Failure   Level  Hunger
e - Beastly Appendage     Tmut           #####.       5%          1    None
h - Blade Hands           Tmut           #####.....   30%         5    #####..
i - Ice Form              Ice/Tmut       ####....     21%         4    ###....
k - Sticks to Snakes      Tmut           #####...     6%          2    None
p - Spider Form           Tmut/Pois      ####......   10%         3    None
L - Summon Lightning Spi  Summ/Air       ####....     24%         4    ###....


Dungeon Overview and Level Annotations

Branches:
Dungeon (11/15)            Temple (1/1) D:6            Lair (5/6) D:11
  Snake (0/4) Lair:4
  Swamp: Lair:2-4    Shoals: Lair:2-4     Slime: Lair:5-6       Orc: D:9-12

Altars:
Cheibriados
Elyvilon
Fedhas
Nemelex Xobeh
Okawaru
Qazlal
Ru
Uskayaw
Zin
The Shining One


Innate Abilities, Weirdness & Mutations

Your experience applies equally to all skills.
You have very sharp teeth.
Your uncanny sense of smell can sniff out nearby items.


Message History

You are no longer poisoned.
The adder closely misses you.
You closely miss the adder. You slice the water moccasin!!
You bite the water moccasin, but do no damage.
The water moccasin is severely wounded.
The water moccasin bites you.
* * * LOW HITPOINT WARNING * * *
You slice the water moccasin!!
You kill the water moccasin!
Cheibriados thoroughly appreciates the change of pace.
You hit the adder. You slash the adder.
The adder is heavily wounded.
The adder bites you but does no damage.
Casting: Blade Hands
Confirm with . or Enter, or press ? or * to list all spells.
You create 2 snakes!
You now have 125 arrows.
The adder bites you.
* * * LOW HITPOINT WARNING * * *
You are poisoned.
The adder poisons you!
You slice the adder!!
You kill the adder!
Cheibriados thoroughly appreciates the change of pace.
You feel sick. The wyvern bites you!
* * * LOW HITPOINT WARNING * * *
Your adder bites the wyvern but does no damage.
You slash the wyvern! You slash the wyvern.
The wyvern is heavily wounded.
The wyvern completely misses you.
Your adder bites the wyvern.
You closely miss the wyvern. You bite the wyvern, but do no damage.
The wyvern is severely wounded.
Your ball python barely misses the wyvern.
The wyvern misses you.
Your adder bites the wyvern.
Your ball python bites the wyvern but does no damage.
You catch the helpless wyvern completely off-guard!
You hit the wyvern.
The wyvern is almost dead.
The wyvern completely misses you.
Your adder bites the wyvern but does no damage.
The wyvern bites your adder!!
Your adder dies!
Your ball python bites the wyvern but does no damage.
You hit the wyvern but do no damage.
The wyvern is almost dead.
Your hands revert to their normal proportions.
Your +0 dagger unmelds from your body.
The wyvern barely misses you.
Your ball python bites the wyvern but does no damage.
You hit the wyvern but do no damage.
The wyvern is almost dead.
You feel sick. The wyvern misses you.
You hit the wyvern but do no damage.
The wyvern is almost dead.
Your ball python barely misses the wyvern.
The wyvern bites you!
* * * LOW HITPOINT WARNING * * *
You closely miss the wyvern.
The wyvern is almost dead.
Your ball python bites the wyvern.
The wyvern bites you!
* * * LOW HITPOINT WARNING * * *
You hit the wyvern.
You kill the wyvern!
Cheibriados appreciates the change of pace.
Your Fighting skill increases to level 6!
It was a potion of flight.
You feel very buoyant.
You fly up into the air.
It was a potion of berserk rage.
A red film seems to cover your vision as you go berserk!
Cheibriados protects you from inadvertent hurry.
You feel mighty!
You feel a strong urge to attack something.
You feel sick.
Things that are here:
an adder corpse; a water moccasin corpse You feel your anger nearly subside.
You are no longer berserk.
You are exhausted.
You feel yourself slow down.
Found a scroll of identify.
You feel sick.
Found a ring mail.
You feel sick.
You are no longer poisoned.
You see here a scroll of identify.
As you read the scroll of identify, it crumbles to dust.
I - a scroll of teleportation Your ball python withers and dies!
Found 17 gold pieces.
You hear the brisk ticking of a very distant clock.
A black mamba comes into view.
Evoke which item? (* to show all) (? for menu, Esc to quit)
Okay, then.
Unknown command.
The black mamba hisses angrily.
The black mamba closely misses you.
The black mamba bites you but does no damage.
Casting: Sticks to Snakes
Confirm with . or Enter, or press ? or * to list all spells.
Your hands turn into razor-sharp scythe blades.
Your +0 dagger melds into your body.
The black mamba bites you!
You die...

...P.>P...##..######...##
...........†...P##....#.#
.###...P#.#.............
#...######.#.........
#P..# #####.#..... #P..##
##...... ##...# #......
#..S# #.....† ##.@#
##...>. #P....# ##(....
#P#....# ##...##.
#####.$.# ##.....#P #..#
#.#..#### ..# #....# ##
##...# ##..## ###.###


You could see a black mamba.

Vanquished Creatures
  Harold (Lair:4)
  Urug (Lair:1)
  A spiny frog (Lair:3)
  A polar bear (Lair:3)
  The ghost of Curus the Changer, an amateur MfTm (D:4)
  A wraith (D:11)
  6 yaks (D:8)
  A wyvern (Lair:4)
  A basilisk (Lair:3)
  4 water moccasins (Lair:4)
  Duvessa (D:7)
  2 sky beasts (D:6)
  An ogre (D:8)
  A centaur (D:5)
  A crocodile (Lair:3)
  6 bullfrogs
  Dowan (D:7)
  A scorpion (D:7)
  A crimson imp (D:5)
  3 hounds
  A jelly (D:8)
  A bullfrog skeleton (D:4)
  A centaur skeleton (D:4)
  Jessica (D:3)
  2 iguanas
  An orc wizard (D:6)
  2 worker ants
  A hound zombie (D:5)
  A hound skeleton (D:4)
  A gnoll (D:8)
  5 adders
  A shadow imp (D:11)
  2 oozes
  2 adder skeletons
  A worm (D:2)
  2 leopard geckos
  6 orcs
  2 giant cockroaches (D:1)
  4 goblins
  2 hobgoblins (D:2)
  3 jackals (D:7)
  2 kobolds (D:2)
  A quokka (D:5)
  3 frilled lizards
  A leopard gecko skeleton (D:6)
  5 rats
90 creatures vanquished.

Vanquished Creatures (collateral kills)
  A bullfrog skeleton (D:6)
  A jelly (D:5)
  A worker ant (D:8)
  An adder (D:3)
  3 gnolls (D:8)
  A worm (D:4)
  An orc (D:3)
9 creatures vanquished.

Vanquished Creatures (others)
  3 fungi (Lair:4)
  2 plants (Lair:4)
5 creatures vanquished.

Grand Total: 104 creatures vanquished

Notes
Turn   | Place    | Note
-------+----------+-------------------------------------------
     0 | D:1      | tidbits the Gnoll Transmuter began the quest for the Orb.
     0 | D:1      | Reached XP level 1. HP: 17/17 MP: 6/6
   117 | D:2      | Reached XP level 2. HP: 21/23 MP: 7/7
   324 | D:2      | Found a sacrificial altar of Ru.
   331 | D:2      | Reached XP level 3. HP: 22/28 MP: 7/9
   335 | D:2      | Learned a level 2 spell: Sticks to Snakes
   339 | D:2      | Learned a level 3 spell: Spider Form
   434 | D:3      | Reached skill level 5 in Spellcasting
   451 | D:2      | Noticed an orc warrior
   524 | D:3      | Noticed Jessica
   534 | D:3      | Killed Jessica
   534 | D:3      | Reached skill level 1 in Short Blades
   534 | D:3      | Reached skill level 1 in Long Blades
   534 | D:3      | Reached skill level 1 in Axes
   534 | D:3      | Reached skill level 1 in Maces & Flails
   534 | D:3      | Reached skill level 1 in Polearms
   534 | D:3      | Reached skill level 1 in Staves
   534 | D:3      | Reached skill level 1 in Slings
   534 | D:3      | Reached skill level 1 in Bows
   534 | D:3      | Reached skill level 1 in Crossbows
   534 | D:3      | Reached skill level 1 in Throwing
   534 | D:3      | Reached skill level 1 in Armour
   534 | D:3      | Reached skill level 1 in Stealth
   534 | D:3      | Reached skill level 1 in Shields
   534 | D:3      | Reached skill level 1 in Invocations
   534 | D:3      | Reached skill level 1 in Evocations
   534 | D:3      | Reached XP level 4. HP: 27/34 MP: 6/11
   579 | D:5      | Entered Level 5 of the Dungeon
   642 | D:4      | Reached skill level 1 in Conjurations
   642 | D:4      | Reached skill level 1 in Hexes
   642 | D:4      | Reached skill level 1 in Charms
   642 | D:4      | Reached skill level 1 in Summonings
   642 | D:4      | Reached skill level 1 in Necromancy
   642 | D:4      | Reached skill level 1 in Translocations
   642 | D:4      | Reached skill level 1 in Fire Magic
   642 | D:4      | Reached skill level 1 in Ice Magic
   642 | D:4      | Reached skill level 1 in Air Magic
   642 | D:4      | Reached skill level 1 in Earth Magic
   642 | D:4      | Reached skill level 1 in Poison Magic
   652 | D:4      | Reached XP level 5. HP: 33/40 MP: 7/12
   684 | D:4      | Noticed Curus's ghost (amateur MfTm)
   702 | D:4      | Killed Curus's ghost
   702 | D:4      | Reached skill level 3 in Fighting
   702 | D:4      | Reached skill level 5 in Dodging
   702 | D:4      | Reached skill level 4 in Transmutations
   702 | D:4      | Reached skill level 2 in Invocations
   702 | D:4      | Reached XP level 6. HP: 36/47 MP: 3/14
   757 | D:4      | Reached skill level 2 in Short Blades
   757 | D:4      | Reached skill level 2 in Long Blades
   757 | D:4      | Reached skill level 2 in Axes
   757 | D:4      | Reached skill level 2 in Maces & Flails
   757 | D:4      | Reached skill level 2 in Polearms
   757 | D:4      | Reached skill level 2 in Staves
   757 | D:4      | Reached skill level 2 in Slings
   757 | D:4      | Reached skill level 2 in Bows
   757 | D:4      | Reached skill level 2 in Crossbows
   757 | D:4      | Reached skill level 2 in Throwing
   757 | D:4      | Reached skill level 2 in Armour
   757 | D:4      | Reached skill level 2 in Stealth
   757 | D:4      | Reached skill level 2 in Shields
   757 | D:4      | Reached skill level 2 in Evocations
   915 | D:6      | Noticed a sky beast
   930 | D:6      | Killed a sky beast
   930 | D:6      | Reached XP level 7. HP: 48/52 MP: 10/15
   934 | D:6      | Reached skill level 7 in Unarmed Combat
   975 | D:6      | Found a staircase to the Ecumenical Temple.
   981 | D:6      | Reached skill level 2 in Conjurations
   981 | D:6      | Reached skill level 2 in Hexes
   981 | D:6      | Reached skill level 2 in Charms
   981 | D:6      | Reached skill level 2 in Summonings
   981 | D:6      | Reached skill level 2 in Necromancy
   981 | D:6      | Reached skill level 2 in Translocations
   981 | D:6      | Reached skill level 2 in Fire Magic
   981 | D:6      | Reached skill level 2 in Ice Magic
   981 | D:6      | Reached skill level 2 in Air Magic
   981 | D:6      | Reached skill level 2 in Earth Magic
   981 | D:6      | Reached skill level 2 in Poison Magic
   995 | Temple   | Entered the Ecumenical Temple
  1059 | Temple   | Became a worshipper of Cheibriados the Contemplative
  1293 | D:5      | Reached skill level 3 in Invocations
  1407 | D:5      | Learned a level 4 spell: Ice Form
  1413 | D:5      | Learned a level 5 spell: Blade Hands
  1469 | D:5      | Reached XP level 8. HP: 60/60 MP: 12/16
  1506 | D:6      | Reached * piety under Cheibriados
  1518 | D:6      | Reached skill level 4 in Fighting
  1524 | D:7      | Noticed Duvessa
  1524 | D:7      | Noticed Dowan
  1532 | D:7      | Killed Duvessa
  1532 | D:7      | Reached skill level 3 in Short Blades
  1532 | D:7      | Reached skill level 3 in Long Blades
  1532 | D:7      | Reached skill level 3 in Axes
  1532 | D:7      | Reached skill level 3 in Maces & Flails
  1532 | D:7      | Reached skill level 3 in Polearms
  1532 | D:7      | Reached skill level 3 in Staves
  1532 | D:7      | Reached skill level 3 in Slings
  1532 | D:7      | Reached skill level 3 in Bows
  1532 | D:7      | Reached skill level 3 in Crossbows
  1532 | D:7      | Reached skill level 3 in Throwing
  1532 | D:7      | Reached skill level 3 in Armour
  1532 | D:7      | Reached skill level 3 in Stealth
  1532 | D:7      | Reached skill level 3 in Shields
  1532 | D:7      | Reached skill level 3 in Evocations
  1534 | D:7      | Killed Dowan
  1537 | D:7      | Reached skill level 6 in Spellcasting
  1856 | D:7      | Learned a level 4 spell: Summon Lightning Spire
  1909 | D:8      | Reached ** piety under Cheibriados
  1982 | D:8      | Noticed a yak
  1982 | D:8      | Noticed a yak
  1988 | D:8      | Noticed a yak
  1989 | D:8      | Noticed a yak
  1989 | D:8      | Killed a yak
  1989 | D:8      | Reached skill level 3 in Conjurations
  1989 | D:8      | Reached skill level 3 in Hexes
  1989 | D:8      | Reached skill level 3 in Charms
  1989 | D:8      | Reached skill level 3 in Summonings
  1989 | D:8      | Reached skill level 3 in Necromancy
  1989 | D:8      | Reached skill level 3 in Translocations
  1989 | D:8      | Reached skill level 3 in Fire Magic
  1989 | D:8      | Reached skill level 3 in Ice Magic
  1989 | D:8      | Reached skill level 3 in Air Magic
  1989 | D:8      | Reached skill level 3 in Earth Magic
  1989 | D:8      | Reached skill level 3 in Poison Magic
  1989 | D:8      | Reached skill level 4 in Invocations
  1989 | D:8      | Reached XP level 9. HP: 66/66 MP: 1/18
  1991 | D:8      | Reached skill level 6 in Dodging
  1995 | D:8      | Reached skill level 5 in Transmutations
  2012 | D:8      | Reached skill level 4 in Short Blades
  2012 | D:8      | Reached skill level 4 in Long Blades
  2012 | D:8      | Reached skill level 4 in Axes
  2012 | D:8      | Reached skill level 4 in Maces & Flails
  2012 | D:8      | Reached skill level 4 in Polearms
  2012 | D:8      | Reached skill level 4 in Staves
  2012 | D:8      | Reached skill level 4 in Slings
  2012 | D:8      | Reached skill level 4 in Bows
  2012 | D:8      | Reached skill level 4 in Crossbows
  2012 | D:8      | Reached skill level 4 in Throwing
  2012 | D:8      | Reached skill level 4 in Armour
  2012 | D:8      | Reached skill level 4 in Stealth
  2012 | D:8      | Reached skill level 4 in Shields
  2012 | D:8      | Reached skill level 4 in Evocations
  2052 | D:10     | Entered Level 10 of the Dungeon
  2070 | D:11     | Reached skill level 5 in Fighting
  2120 | D:11     | Found a staircase to the Lair.
  2127 | Lair:1   | Entered Level 1 of the Lair of Beasts
  2194 | Lair:2   | Noticed Urug
  2204 | Lair:1   | Killed Urug
  2204 | Lair:1   | Reached skill level 8 in Unarmed Combat
  2204 | Lair:1   | Reached skill level 5 in Invocations
  2361 | Lair:3   | Reached XP level 10. HP: 51/74 MP: 14/20
  2373 | Lair:3   | Reached skill level 7 in Spellcasting
  2377 | Lair:3   | Noticed a spiny frog
  2382 | Lair:3   | Killed a spiny frog
  2382 | Lair:3   | Reached skill level 4 in Conjurations
  2382 | Lair:3   | Reached skill level 4 in Hexes
  2382 | Lair:3   | Reached skill level 4 in Charms
  2382 | Lair:3   | Reached skill level 4 in Summonings
  2382 | Lair:3   | Reached skill level 4 in Necromancy
  2382 | Lair:3   | Reached skill level 4 in Translocations
  2382 | Lair:3   | Reached skill level 4 in Fire Magic
  2382 | Lair:3   | Reached skill level 4 in Ice Magic
  2382 | Lair:3   | Reached skill level 4 in Air Magic
  2382 | Lair:3   | Reached skill level 4 in Earth Magic
  2382 | Lair:3   | Reached skill level 4 in Poison Magic
  2420 | Lair:4   | Noticed Harold
  2430 | Lair:4   | Killed Harold
  2430 | Lair:4   | Reached skill level 5 in Short Blades
  2430 | Lair:4   | Reached skill level 5 in Long Blades
  2430 | Lair:4   | Reached skill level 5 in Axes
  2430 | Lair:4   | Reached skill level 5 in Maces & Flails
  2430 | Lair:4   | Reached skill level 5 in Polearms
  2430 | Lair:4   | Reached skill level 5 in Staves
  2430 | Lair:4   | Reached skill level 5 in Slings
  2430 | Lair:4   | Reached skill level 5 in Bows
  2430 | Lair:4   | Reached skill level 5 in Crossbows
  2430 | Lair:4   | Reached skill level 5 in Throwing
  2430 | Lair:4   | Reached skill level 5 in Armour
  2430 | Lair:4   | Reached skill level 7 in Dodging
  2430 | Lair:4   | Reached skill level 5 in Stealth
  2430 | Lair:4   | Reached skill level 5 in Shields
  2430 | Lair:4   | Reached skill level 5 in Evocations
  2440 | Lair:5   | Noticed a spiny frog
  2455 | Lair:5   | Noticed an eight-headed hydra
  2491 | Lair:4   | Found a staircase to the Snake Pit.
  2495 | Lair:4   | Reached *** piety under Cheibriados
  2509 | Lair:4   | HP: 4/76 [wyvern (12)]
  2510 | Lair:4   | Reached skill level 6 in Fighting
  2517 | Lair:4   | HP: 5/76 [poisoned by an adder]
  2524 | Lair:4   | Noticed a black mamba
  2525 | Lair:4   | Slain by a black mamba

Skill      XL: |  1  2  3  4  5  6  7  8  9 10 |
---------------+-------------------------------+-----
Spellcasting   | 5 6 7 |  7.4
Short Blades   | 1 2 3 4 5 |  5.3
Long Blades    | 1 2 3 4 5 |  5.3
Axes           | 1 2 3 4 5 |  5.3
Maces & Flails | 1 2 3 4 5 |  5.3
Polearms       | 1 2 3 4 5 |  5.3
Staves         | 1 2 3 4 5 |  5.3
Slings         | 1 2 3 4 5 |  5.3
Bows           | 1 2 3 4 5 |  5.3
Crossbows      | 1 2 3 4 5 |  5.3
Throwing       | 1 2 3 4 5 |  5.3
Armour         | 1 2 3 4 5 |  5.3
Stealth        | 1 2 3 4 5 |  5.3
Shields        | 1 2 3 4 5 |  5.3
Invocations    | 1 2 3 4 5 |  5.8
Evocations     | 1 2 3 4 5 |  5.3
Conjurations   | 1 2 3 4 |  4.4
Hexes          | 1 2 3 4 |  4.4
Charms         | 1 2 3 4 |  4.4
Summonings     | 1 2 3 4 |  4.4
Necromancy     | 1 2 3 4 |  4.4
Translocations | 1 2 3 4 |  4.4
Fire Magic     | 1 2 3 4 |  4.4
Ice Magic      | 1 2 3 4 |  4.4
Air Magic      | 1 2 3 4 |  4.4
Earth Magic    | 1 2 3 4 |  4.4
Poison Magic   | 1 2 3 4 |  4.4
Fighting       | 3 4 5 6 |  6.0
Dodging        | 5 6 7 |  7.1
Transmutations | 4 5 |  5.9
Unarmed Combat | 7 8 |  8.5

Action                   |  1- 3 |  4- 6 |  7- 9 | 10-12 || total
-------------------------+-------+-------+-------+-------++-------
Melee: Unarmed           |    51 |    59 |   168 |    32 ||   310
       Headbutt          |     3 |       |       |       ||     3
       Bite              |     2 |     1 |     4 |     8 ||    15
       Kick              |     6 |       |       |       ||     6
       Punch             |     1 |       |       |     2 ||     3
       Dagger            |       |       |     1 |     4 ||     5
 Cast: Beastly Appendage |    13 |     2 |       |       ||    15
       Spider Form       |     2 |     6 |    18 |       ||    26
       Sticks to Snakes  |     2 |     5 |     9 |     2 ||    18
       Summon Lightning  |       |       |     3 |       ||     3
       Blade Hands       |       |       |     5 |     5 ||    10
 Abil: End Transformatio |       |       |       |     1 ||     1
Evoke: Wand              |       |       |     4 |     3 ||     7
  Use: Potion            |       |     5 |     1 |     2 ||     8
       Scroll            |       |     5 |     2 |     2 ||     9
 Stab: Sleeping          |     1 |     2 |     9 |     1 ||    13
       Distracted        |       |     2 |       |     1 ||     3
       Invisible         |       |       |     1 |       ||     1
  Eat: Ration            |     2 |       |     3 |       ||     5
Armor: Robe              |     3 |     2 |       |       ||     5
       Skin              |       |       |     2 |       ||     2
       Leather armour    |       |       |     7 |     8 ||    15
Dodge: Dodged            |    27 |    42 |   145 |    30 ||   244

Table legend:
 A = Turns spent in this place as a percentage of turns spent in the entire game.
 B = Non-inter-level travel turns spent in this place as a percentage of non-inter-level travel turns spent in the entire game.
 C = Inter-level travel turns spent in this place as a percentage of turns spent in this place.
 D = Turns resting spent in this place as a percentage of non-inter-level travel turns spent in this place.
 E = Turns spent auto-exploring this place as a percentage of non-inter-level travel turns spent in this place.
 F = Non-inter-level travel turns spent in this place divided by the number of levels of this place that you've seen.
                   A       B       C       D       E      F
               +-------+-------+-------+-------+-------+----------------------
         Total | 100.0 | 100.0 |   2.6 |   0.0 |   0.0 | 144.7
       Dungeon |  78.6 |  80.1 |   0.7 |   0.0 |   0.0 | 179.2
        Temple |   5.6 |   3.7 |  35.9 |   0.0 |   0.0 |  91.0
          Lair |  15.8 |  16.2 |   0.0 |   0.0 |   0.0 |  79.6
               +-------+-------+-------+-------+-------+----------------------

Table legend:
 A = Kills in this place as a percentage of kills in entire the game.
 B = Kills by you in this place as a percentage of kills by you in the entire game.
 C = Kills by friends in this place as a percentage of kills by friends in the entire game.
 D = Other kills in this place as a percentage of other kills in the entire game.
 E = Experience gained in this place as a percentage of experience gained in the entire game.
 F = Experience gained in this place divided by the number of levels of this place that you have seen.
                   A       B       C       D       E      F
               +-------+-------+-------+-------+-------+----------------------
         Total | 100.0 | 100.0 | 100.0 |   N/A | 100.0 | 429.4
       Dungeon |  85.9 |  84.4 | 100.0 |   N/A |  47.2 | 313.1
          Lair |  14.1 |  15.6 |   0.0 |   N/A |  52.8 | 771.0
               +-------+-------+-------+-------+-------+----------------------

Vault maps used:
D:1:      kennysheep_arrival_seaside
D:2:      nicolae_ru_sacrificial_ziggurat, minmay_misc_feat_square
D:3:      lemuel_another_geyser, uniq_jessica
D:4:      first_ration, minmay_stone_trees_medium, supply_closet_lemuel
D:5:      minivault_11, serial_park_tiny_2, roderic_roman_lattice
D:6:      gammafunk_temple_overflow_wave, temple_hall
D:7:      the_bakery, uniq_duvessa
D:8:      grunt_dithmenos_smoke_and_mirrors
D:9:      old_standard_altar, david_orc_3, serial_shops,
          nicolae_shop_statue_plus, uniq_grum, uniq_psyche
D:11:     lair_entry_dummy, serial_shops, shop
Temple:   dpeg_five_rooms_temple
Lair:1:   infiniplex_staircase_pool_2, lemuel_fruit_fields
Lair:2:   minmay_lair_venomous_thicket, lemuel_fruit_fields, uniq_urug,
          uniq_nergalle
Lair:3:   minmay_shoals_entry_beasts, lemuel_fruit_tree
Lair:4:   minmay_snake_entry_six_corridors, special_room, lab_entry_generic,
          uniq_harold
Lair:5:   wad_woods_01, uniq_kirke
